 Dungeon Sprint DCSS version 0.19.1 (webtiles) character file.

10152 dvd the Severer (level 11, -3/102 HPs)
             Began as a Minotaur Fighter on Dec 12, 2016.
             Was a High Priest of Trog.
             Engulfed by a cloud of freezing vapour (19 damage)
             ... in the Dungeon (Sprint I: "Red Sonja") on Dec 13, 2016.
             The game lasted 00:14:03 (2647 turns).

dvd the Severer (Minotaur Fighter)                  Turns: 2647, Time: 00:14:04

Health: -3/102     AC: 24    Str: 21    XL:     11   Next: 32%
Magic:  8/8        EV: 12    Int:  5    God:    Trog [*****.]
Gold:   1000       SH: 14    Dex: 14    Spells: 0 memorised, 10 levels left

rFire  . . .     SeeInvis .     q - +4 flail "Umeycaun" {distort, rElec}
rCold  . . .     Gourm    .     t - +8 chain mail of Indecent Exposure {rElec Str+3 Dex+4}
rNeg   . . .     Faith    .     c - +0 shield
rPois  .         Spirit   .     (helmet restricted)
rElec  +         Reflect  .     (no cloak)
rCorr  .         Harm     .     g - +0 pair of gloves {archery}
MR     .....     NoTele   +     j - +0 pair of boots
Stlth  ..........               (no amulet)
                                (no ring)
                                (no ring)

@: no status effects
A: retaliatory headbutt, horns 2, clumsy 1, frail 1, low mp 1, weak 2,
MP-powered wands
a: Berserk, Trog's Hand, Brothers in Arms, Burn Spellbooks, Renounce Religion


You were in the Dungeon.
You worshipped Trog.
Trog was extremely pleased with you.
You were not hungry.

You visited 1 branch You collected 2196 gold pieces.
You spent 1196 gold pieces at shops.

Inventory:

Hand Weapons
 a - a +0 war axe
 f - a +1 broad axe of chopping
 l - a +2 hand axe of chopping
 m - a +1 triple crossbow of velocity
 q - the +4 flail "Umeycaun" (weapon) {distort, rElec}
   (You found it in the Dungeon)

   It warps and distorts space around it.
   Unwielding it can cause banishment or high damage.
   It insulates you from electricity.
 r - the +6 trident of Upheaval {freeze, rN+ MR+ Str-2, unknown}
   (You found it in the Dungeon)

   It has been specially enchanted to freeze those struck by it, causing extra
   injury to most foes and up to half again as much damage against particularly
   susceptible opponents.
   It can also slow down cold-blooded creatures.
   It affects your strength (-2).
   It protects you from negative energy.
   It affects your resistance to hostile enchantments.
Armour
 c - a +0 shield (worn)
 g - a +0 pair of gloves of archery (worn)
 j - a +0 pair of boots (worn)
 s - the +1 ring mail of Uskayaw's Generosity {MR+}
   (You found it in the Dungeon)

   It affects your resistance to hostile enchantments.
 t - the +8 chain mail of Indecent Exposure (worn) {rElec Str+3 Dex+4}
   (You bought it in a shop in the Dungeon)

   It affects your strength (+3).
   It affects your dexterity (+4).
   It insulates you from electricity.
Scrolls
 k - a scroll of blinking
Potions
 b - a potion of berserk rage
 d - a potion of might
 e - 4 potions of curing
 h - a potion of haste
 i - 2 potions of magic
 v - 2 potions of heal wounds
Comestibles
 n - a beef jerky
 p - 2 meat rations


   Skills:
 + Level 15.7 Fighting
 + Level 16.3(16.8) Axes
 + Level 7.8(13.1) Maces & Flails
 + Level 15.1 Armour
 + Level 6.5 Dodging
 + Level 2.1 Stealth
 + Level 15.3 Shields


You had 10 spell levels left.
You didn't know any spells.

Dungeon Overview and Level Annotations

Branches:
Dungeon (1/1)

Altars:
Cheibriados
Dithmenos
Elyvilon
Fedhas
Gozag
Hepliaklqana
Kikubaaqudgha
Makhleb
Nemelex Xobeh
Okawaru
Qazlal
Ru
Sif Muna
Trog
Uskayaw
Vehumet
Xom
Yredelemnul
Zin
The Shining One
Jiyva
Lugonu

Shops:
D [((:*:([}!%:((:[[


Innate Abilities, Weirdness & Mutations

You reflexively headbutt those who attack you in melee.
You have a pair of horns on your head.
You are clumsy. (Dex -2)
You are frail. (-10% HP)
Your magical capacity is low. (-10% MP)
You are very weak. (Str -4)
You expend magic power (3 MP) to strengthen your wands.


Message History

You see here a robe.
Unknown command.
You see here 27 gold pieces.
The meliai mumbles some strange prayers to its god against you.
Something smites you!
* * * LOW HITPOINT WARNING * * *
You feel much better.
The meliai mumbles some strange prayers to its god against you.
Something smites you!
* * * LOW HITPOINT WARNING * * *
Unknown command.
You close the large door.
You start resting.
You are engulfed in freezing vapours.
* * * LOW HITPOINT WARNING * * *
You start resting.
Magic restored.
You start resting.
You are engulfed in freezing vapours.
You die...

.'..#...##§#.####,,,,,**,,+,,*,,,
_####...'§.#§#)###,,,*******+*,,,
##.§#####..'§#'#.###+*,,,**,,*,,,
§≈).#§.##'####...#y#,**,,,*,,**,,
§≈)§'..#...§.#...###,,***,*,,≈***
§≈§§#.§#.§§.^§.....#*,*,*,*,,≈,,*
'#####§###§.§#^....#,,***,*,,≈,**
[((###.'.#§§§###++##,**,,,*,,≈**,
'###.###.#§§###.@##*,,*+***,,≈*,,
...'[∩##.#.§####§$#**,,,*,≈,,**,,
########.##'#$§#§§#$###,*,≈,,*,,,
......##§##.#..§$§$$$$#,***,,*,,,
.......§§####$$$$$$$$$#,*,+,,**,,
'.######.#,,+$$$$$$####+*,**'**,,
..÷..§§#§#**##$$$###,,,,*,*≈≈≈**,
..÷÷§§#§§#,,,#####,,,****,*≈≈≈≈**
....§§####,,,,,,,,,***,,,,*≈≈≈≈≈*


There were no monsters in sight!

Vanquished Creatures
  2 centaur warriors (D)
  A deep troll (D)
  2 unseen horrors (D)
  A lindwurm (D)
  6 shining eyes (D)
  An oklob plant (D)
  A gargoyle (D)
  2 kobold demonologists (D)
  2 demonic crawlers (D)
  A hornet (D)
  A slime creature (D)
  Sigmund (D)
  2 redbacks (D)
  A yak (D)
  5 floating eyes (D)
  An ogre (D)
  7 necrophages (D)
  8 jellies (D)
  Ijyb (D)
  3 ballistomycetes (D)
49 creatures vanquished.

Vanquished Creatures (others)
  Sonja (D)
  A shining eye (D)
  A gargoyle (D)
  A demonic crawler (D)
  2 ballistomycete spores (D)
6 creatures vanquished.

Grand Total: 55 creatures vanquished

Notes
Turn   | Place    | Note
-------+----------+-------------------------------------------
     0 | D        | dvd the Minotaur Fighter began the quest for the Orb.
     0 | D        | Reached XP level 1. HP: 19/19 MP: 0/0
     1 | D        | Noticed Ijyb
     8 | D        | Killed Ijyb
     8 | D        | Reached skill level 5 in Fighting
     8 | D        | Reached skill level 3 in Axes
     8 | D        | Reached skill level 5 in Armour
     8 | D        | Reached skill level 5 in Shields
     8 | D        | Reached XP level 2. HP: 26/29 MP: 1/1
    36 | D        | Noticed an ogre
    43 | D        | Killed an ogre
    43 | D        | Reached skill level 4 in Axes
    43 | D        | Reached XP level 3. HP: 19/39 MP: 2/2
    43 | D        | Reached XP level 4. HP: 23/47 MP: 3/3
   213 | D        | Noticed Sigmund
   229 | D        | Killed Sigmund
   229 | D        | Reached skill level 6 in Axes
   229 | D        | Reached XP level 5. HP: 22/57 MP: 4/4
   229 | D        | Reached XP level 6. HP: 25/63 MP: 5/5
   455 | D        | Found a burning altar of Makhleb.
   455 | D        | Found a viscous altar of Jiyva.
   455 | D        | Found a shimmering altar of Xom.
   455 | D        | Found a corrupted altar of Lugonu.
   455 | D        | Noticed a slime creature
   465 | D        | Killed a slime creature
   465 | D        | Reached skill level 10 in Fighting
   465 | D        | Reached skill level 7 in Axes
   465 | D        | Reached skill level 10 in Armour
   750 | D        | Found a deep blue altar of Sif Muna.
   752 | D        | Found a radiant altar of Vehumet.
   776 | D        | Found Yzxiet's Antique Weapon Emporium.
   776 | D        | Found an ancient bone altar of Kikubaaqudgha.
   776 | D        | Found a hazy altar of Hepliaklqana.
   776 | D        | Found a hide-covered altar of Uskayaw.
   776 | D        | Found a basalt altar of Yredelemnul.
   776 | D        | Found an opulent altar of Gozag.
   776 | D        | Found a snail-covered altar of Cheibriados.
   776 | D        | Found a sacrificial altar of Ru.
   776 | D        | Found a shadowy altar of Dithmenos.
   776 | D        | Noticed a yak
   782 | D        | Killed a yak
   782 | D        | Reached skill level 8 in Axes
   782 | D        | Reached XP level 7. HP: 67/73 MP: 6/6
   783 | D        | Found a stormy altar of Qazlal.
   783 | D        | Found a blossoming altar of Fedhas.
   783 | D        | Found a bloodstained altar of Trog.
   783 | D        | Found an iron altar of Okawaru.
   783 | D        | Found a glowing golden altar of the Shining One.
   783 | D        | Found a glowing silver altar of Zin.
   783 | D        | Found a white marble altar of Elyvilon.
   784 | D        | Found a sparkling altar of Nemelex Xobeh.
   788 | D        | Bought a glowing hand axe for 180 gold pieces
   797 | D        | Became a worshipper of Trog the Wrathful
   812 | D        | Noticed a centaur warrior
   812 | D        | Noticed a centaur warrior
   831 | D        | Noticed a kobold demonologist
   834 | D        | Noticed a kobold demonologist
   835 | D        | Noticed a chaos spawn
   837 | D        | Paralysed by a floating eye for 4 turns
   839 | D        | Noticed a hellwing
   841 | D        | Noticed a neqoxec
   845 | D        | Paralysed by a floating eye for 2 turns
   847 | D        | Gained mutation: Scrolls take you a little longer to read. [a neqoxec]
   850 | D        | Killed a kobold demonologist
   850 | D        | Reached skill level 9 in Axes
   850 | D        | Reached skill level 10 in Shields
   852 | D        | Killed a kobold demonologist
   852 | D        | Reached * piety under Trog
   852 | D        | Reached skill level 10 in Axes
   852 | D        | Reached XP level 8. HP: 83/83 MP: 7/7
   864 | D        | Killed a gargoyle
   907 | D        | Noticed a hornet
   913 | D        | Killed a centaur warrior
   913 | D        | Reached ** piety under Trog
   913 | D        | Reached skill level 12 in Axes
   913 | D        | Reached skill level 1 in Dodging
   915 | D        | Killed a hornet
   915 | D        | Reached XP level 9. HP: 32/92 MP: 8/8
   915 | D        | Killed a centaur warrior
   915 | D        | Reached skill level 13 in Axes
  1186 | D        | Noticed an oklob plant
  1194 | D        | Killed an oklob plant
  1194 | D        | Reached skill level 14 in Axes
  1215 | D        | Reached *** piety under Trog
  1341 | D        | Killed an unseen horror
  1341 | D        | Reached skill level 15 in Axes
  1341 | D        | Reached skill level 1 in Stealth
  1341 | D        | Reached XP level 10. HP: 37/103 MP: 9/9
  1355 | D        | HP: 3/103 [something (4)]
  1358 | D        | Killed an unseen horror
  1377 | D        | Paralysed by a floating eye for 2 turns
  1380 | D        | Reached **** piety under Trog
  1395 | D        | Reached ***** piety under Trog
  1700 | D        | Received a gift from Trog
  1723 | D        | Got a dazzling flail
  1725 | D        | Got a steaming trident
  1727 | D        | Got a pitted ring mail
  1738 | D        | Identified the +1 ring mail of Uskayaw's Generosity {MR+} (You found it in the Dungeon)
  1738 | D        | Identified the +4 flail "Umeycaun" {distort, rElec} (You found it in the Dungeon)
  1771 | D        | Found Piposh's Book Shoppe.
  1771 | D        | Found Pasche's Weapon Shop.
  1771 | D        | Found Erahis's Assorted Antiques.
  1773 | D        | Found Qiezirub's Book Emporium.
  1773 | D        | Found Xaoc's Weapon Shop.
  1773 | D        | Found Xoaziof's Antique Armour Shoppe.
  1773 | D        | Found Gyobu's Gadget Boutique.
  1773 | D        | Found Aschosk's Distillery.
  1773 | D        | Found Jafetoet's Food Shop.
  1773 | D        | Found Gokaj's Book Shoppe.
  1777 | D        | Found Subresana's Antique Weapon Boutique.
  1778 | D        | Found Siduong's Book Emporium.
  1778 | D        | Found Peotsasch's Weapon Boutique.
  1779 | D        | Found Ophuenwi's Armour Emporium.
  1780 | D        | Bought a smoking chain mail for 266 gold pieces
  1790 | D        | Identified the +8 chain mail of Indecent Exposure {rElec Str+3 Dex+4} (You bought it in a shop in the Dungeon)
  1803 | D        | Bought a potion of beneficial mutation for 350 gold pieces
  1803 | D        | Bought a potion of heal wounds for 50 gold pieces
  1803 | D        | Bought a potion of heal wounds for 50 gold pieces
  1803 | D        | Bought a potion of heal wounds for 50 gold pieces
  1804 | D        | Gained mutation: Your spells are a little harder to cast, but a little more powerful. [potion of beneficial mutation]
  1846 | D        | Noticed a deep troll
  1854 | D        | Killed a deep troll
  1854 | D        | Reached skill level 16 in Axes
  1854 | D        | Reached skill level 1 in Maces & Flails
  1866 | D        | Found Ziraw's Armour Emporium.
  1891 | D        | Noticed Sonja
  1963 | D        | Found Izaruwidgh's Antique Armour Boutique.
  1973 | D        | Noticed a shining eye
  1973 | D        | Noticed a shining eye
  1973 | D        | Noticed a shining eye
  1973 | D        | Noticed a shining eye
  1973 | D        | Noticed a shining eye
  1973 | D        | Noticed a shining eye
  1975 | D        | Gained mutation: You are weak. (Str -2) [a shining eye]
  1976 | D        | Gained mutation: You are dopey. (Int -2) [a shining eye]
  1979 | D        | Paralysed by a floating eye for 4 turns
  1980 | D        | Gained mutation: You are clumsy. (Dex -2) [a shining eye]
  1981 | D        | Gained mutation: Your magical capacity is low. (-10% MP) [a shining eye]
  1981 | D        | Gained mutation: Your body sometimes deteriorates upon taking damage. [a shining eye]
  1984 | D        | Lost mutation: You are dopey. (Int -2) [a shining eye]
  1985 | D        | Gained mutation: You are dopey. (Int -2) [a shining eye]
  1986 | D        | Killed a shining eye
  1986 | D        | Reached skill level 15 in Fighting
  1986 | D        | Gained mutation: Scrolls take you longer to read. [a shining eye]
  1990 | D        | Killed a shining eye
  1991 | D        | Gained mutation: Potions and wands are less effective at restoring your health. [a shining eye]
  1991 | D        | Gained mutation: Your magical capacity is very low. (-20% MP) [a shining eye]
  1992 | D        | Killed a shining eye
  1992 | D        | Reached skill level 5 in Dodging
  1993 | D        | Killed a shining eye
  1994 | D        | Lost mutation: Your body sometimes deteriorates upon taking damage. [a shining eye]
  1999 | D        | Noticed a shining eye
  1999 | D        | Noticed a shining eye
  2000 | D        | Received a gift from Trog
  2000 | D        | Reached XP level 11. HP: 111/111 MP: 7/7
  2003 | D        | Lost mutation: You are dopey. (Int -2) [a shining eye]
  2004 | D        | Lost mutation: Potions and wands are less effective at restoring your health. [a shining eye]
  2004 | D        | Gained mutation: You are dopey. (Int -2) [a shining eye]
  2005 | D        | Gained mutation: You are very clumsy. (Dex -4) [a shining eye]
  2006 | D        | Gained mutation: Your magical capacity is extremely low. (-30% MP) [a shining eye]
  2006 | D        | Gained mutation: You are frail. (-10% HP) [a shining eye]
  2007 | D        | Gained mutation: You are very weak. (Str -4) [a shining eye]
  2008 | D        | Lost mutation: You are dopey. (Int -2) [a shining eye]
  2009 | D        | Killed a shining eye
  2009 | D        | Reached skill level 5 in Maces & Flails
  2009 | D        | Gained mutation: You expend magic power (3 MP) to strengthen your wands. [a shining eye]
  2012 | D        | Lost mutation: Your spells are a little harder to cast, but a little more powerful. [a shining eye]
  2013 | D        | Killed a shining eye
  2053 | D        | Killed a shining eye
  2070 | D        | Bought a potion of cure mutation for 250 gold pieces
  2070 | D        | Lost mutation: Scrolls take you longer to read. [potion of cure mutation]
  2070 | D        | Lost mutation: Your magical capacity is extremely low. (-30% MP) [potion of cure mutation]
  2070 | D        | Lost mutation: Your magical capacity is very low. (-20% MP) [potion of cure mutation]
  2070 | D        | Lost mutation: You are very clumsy. (Dex -4) [potion of cure mutation]
  2070 | D        | Lost mutation: Scrolls take you a little longer to read. [potion of cure mutation]
  2086 | D        | Killed Sonja
  2124 | D        | Reached skill level 15 in Shields
  2157 | D        | Noticed a lindwurm
  2165 | D        | Killed a lindwurm
  2165 | D        | Reached skill level 15 in Armour
  2620 | D        | HP: 4/101 [meliai/divine providence (12)]
  2647 | D        | Engulfed by a cloud of freezing vapour

Skill      XL: |  1  2  3  4  5  6  7  8  9 10 11 |
---------------+----------------------------------+-----
Fighting       | 5 7 9 10 11 12 14 15 | 15.7
Axes           | 3 4 6 8 10 12 15 16 | 16.3
Armour         | 5 7 8 10 11 12 13 14 15 | 15.1
Shields        | 5 6 8 9 10 11 12 14 15 | 15.3
Dodging        | 1 2 5 6 |  6.5
Stealth        | 1 2 |  2.1
Maces & Flails | 4 7 |  7.8

Action                   |  1- 3 |  4- 6 |  7- 9 | 10-12 || total
-------------------------+-------+-------+-------+-------++-------
Melee: War axe           |    11 |    32 |       |       ||    43
       Headbutt          |     4 |     6 |    11 |    45 ||    66
       Hand axe          |       |       |    40 |    48 ||    88
       Flail             |       |       |       |    70 ||    70
       Broad axe         |       |       |       |     2 ||     2
Invok: Berserk           |       |       |     2 |     1 ||     3
       Trog's Hand       |       |       |       |     1 ||     1
       Brothers in Arms  |       |       |       |     1 ||     1
  Use: Potion            |       |       |     1 |     5 ||     6
       Scroll            |       |       |       |     2 ||     2
  Eat: Chunk             |       |       |     2 |     2 ||     4
       Bread ration      |       |       |       |     1 ||     1
Armor: Scale mail        |       |     5 |    25 |    13 ||    43
       Chain mail        |       |       |       |    25 ||    25
Dodge: Dodged            |     4 |     1 |     6 |    28 ||    39
Block: Shield            |     3 |     9 |    25 |    56 ||    93
